AoeStats
← Takara Miyuki

Arena

505848593Analyzed
1v1 RM · 20d ago on Sep 11, 2026· 32m 56s· 2 players
Game mode
Random Map
Map size
Tiny (2 player)
Population
200
Speed
Normal
Resources
Standard
Victory
Conquest
Starting age
Dark Age
Ending age
Imperial Age
RankedLock teamsTeams togetherTeam positionsShared explorationLock speedFull tech treeHidden civsTurbo modeCheats
Victory
Defeat
🇦🇺 Celts · Australia
776
+15
🇨🇳 Britons · China
751
-33
Takara Miyuki
12:07 Feudal Age
16:23 Castle Age
17:23 Gold Mining
25:29 Double-Bit Axe
26:58 Fletching
27:09 Padded Archer Armor
28:40 Wheelbarrow
29:05 Bodkin Arrow
Theoderic
10:35 Feudal Age
11:38 Double-Bit Axe
12:38 Wheelbarrow
11:46 Horse Collar
19:52 Castle Age
17:40 Man-at-Arms
18:37 Gold Mining
20:18 Fletching
20:30 Scale Mail Armor
22:24 Gold Shaft Mining
22:11 Heavy Plow
24:07 Bow Saw
26:47 Padded Archer Armor
27:10 Forging
28:29 Gambesons
28:07 Long Swordsman
28:08 Pikeman
28:09 Elite Skirmisher
30:20 Stone Mining
Connection lost

Rejoining the realm…

Still unreachable

The connection could not be restored.

Session expired

The server has moved on; the page needs a fresh start.